 Dungeon Crawl Stone Soup version 0.30.1-11-g7821555f0a (webtiles) character file.

Game seed: 10989821223792048960

73 Unglued128 the Stinger (level 4, -2/32 HPs)
             Began as a Gnoll Wanderer on Nov 18, 2023.
             Slain by an orc
             ... wielding a +0 flail
              (6 damage)
             ... on level 3 of the Dungeon.
             The game lasted 00:09:42 (1600 turns).

Unglued128 the Stinger (Gnoll Wanderer)             Turns: 1600, Time: 00:09:43

Health: -2/32      AC:  5    Str: 17    XL:     4   Next: 27%
Magic:  8/8        EV: 11    Int: 10    God:
Gold:   86         SH:  0    Dex:  9    Spells: 8/9 levels left

rFire   . . .        a - +1 spear (chaos)
rCold   . . .        (no shield)
rNeg    . . .        e - +0 leather armour
rPois   .            (no helmet)
rElec   .            (no cloak)
rCorr   .            (no gloves)
SInv    .            k - +1 pair of boots
Will    .....        (no amulet)
Stlth   +            (no ring)
HPRegen 0.25/turn    (no ring)
MPRegen 0.11/turn

%: no passive effects
@: no status effects
A: fangs 1, strong nose, distributed training
a: no special abilities


You were on level 3 of the Dungeon.
You visited 1 branch of the dungeon, and saw 3 of its levels.

You collected 86 gold pieces.

Inventory:

Hand Weapons
 a - a +1 spear of chaos (weapon)
 c - a +0 dagger
Missiles
 b - 7 boomerangs
 g - 5 poisoned darts (quivered)
 i - 2 atropa-tipped darts
Armour
 e - a +0 leather armour (worn)
 k - a +1 pair of boots (worn)
Scrolls
 f - 2 scrolls of teleportation {unknown}
 j - a scroll of amnesia
 o - a scroll of fear
Potions
 d - a potion of berserk rage
 h - a potion of degeneration {unknown}
 l - 2 potions of haste {unknown}


   Skills:
 + Level 1.1 Fighting
 + Level 1.1 Short Blades
 + Level 1.1 Long Blades
 + Level 1.1 Axes
 + Level 1.1 Maces & Flails
 + Level 2.7 Polearms
 + Level 1.1 Staves
 + Level 1.1 Ranged Weapons
 + Level 4.6 Throwing
 + Level 4.6 Armour
 + Level 1.1 Dodging
 + Level 1.1 Stealth
 + Level 1.1 Shields
 + Level 1.1 Unarmed Combat
 + Level 3.0 Spellcasting
 + Level 0.9 Conjurations
 + Level 0.9 Hexes
 + Level 0.9 Summonings
 + Level 0.9 Necromancy
 + Level 0.9 Translocations
 + Level 0.9 Transmutations
 + Level 0.9 Fire Magic
 + Level 0.9 Ice Magic
 + Level 0.9 Air Magic
 + Level 0.9 Earth Magic
 + Level 5.4 Poison Magic
 + Level 2.8 Invocations
 + Level 1.1 Evocations


You had 8 spell levels left.
You knew the following spells:

 Your Spells              Type           Power      Damage    Failure   Level
a - Sting                 Tmut/Pois      28%        1d4       9%          1

Your spell library contained the following spells:

 Spells                   Type           Power      Damage    Failure   Level
 Poisonous Vapours        Pois/Air       14%        N/A       14%         2
 Magic Dart               Conj           12%        1d3       22%         1
 Spider Form              Tmut/Pois      7%         N/A       26%         3
 Call Imp                 Summ           6%         N/A       34%         2
 Mephitic Cloud           Conj/Pois/Air  6%         N/A       36%         3


Dungeon Overview and Level Annotations

Branches:
Dungeon (3/15)

Altars:

Annotations:
D:3 3 runed translucent doors, Azazsd's ghost, amateur SpHu


Innate Abilities, Weirdness & Mutations

You have very sharp teeth.
Your uncanny sense of smell can sniff out nearby items.
Your experience applies equally to all skills.


Message History

You throw a poisoned dart. The poisoned dart hits the orc.
You barely miss the orc. You bite the orc, but do no damage.
The orc hits you but does no damage. The orc barely misses you.
You barely miss the orc. The orc hits you with a +0 club.
The quokka closely misses you.
You hit the orc. You freeze the orc.
You kill the orc!
The orc barely misses you. The orc closely misses you.
The quokka closely misses you.
You closely miss the orc. The orc hits you but does no damage.
The orc barely misses you. The quokka barely misses you.
You hit the orc. You freeze the orc.
The orc is heavily wounded.
The quokka bites you but does no damage.
The orc completely misses you. The orc hits you with a +0 club.
The orc hits you but does no damage.
You hit the orc.
The orc goes berserk!
The orc is almost dead.
The orc hits you with a +0 short sword. The quokka bites you.
The orc barely misses you. The orc hits you with a +0 flail.
You hit the orc. You freeze the orc.
You kill the orc!
The quokka bites you.
Azazsd's ghost says, "Your future is not even bleak."
The orc barely misses you. The orc hits you with a +0 flail.
* * * LOW HITPOINT WARNING * * *
You hit the orc but do no damage. The quokka closely misses you.
The orc hits you with a +0 club.
* * * LOW HITPOINT WARNING * * *
The orc hits you but does no damage.
You closely miss the orc. The quokka barely misses you.
The orc hits you with a +0 club.
* * * LOW HITPOINT WARNING * * *
The orc closely misses you. The quokka misses you.
You hit the orc. You freeze the orc.
The orc is heavily wounded.
The quokka misses you. The orc hits you with a +0 club.
* * * LOW HITPOINT WARNING * * *
The orc hits you with a +0 flail.
You die...

#..#.##.# ..
##..#.##.# #. <...#
......##.# #.. ....
......##.. #.. ....
##....###.##..##..#
.)†...............#
.#..............(.#
##....#########roo#
......#.....Wg#)@.#
......#...#..S#...#
......#..#.#.K+...#
......#......o+...#
####..#..#.#..+...#
#..#...#...#...#
#..#.......#...#
#..#########...#
#..............#


You could see Azazsd's ghost, 3 orcs, a quokka, a hobgoblin, a ball python and a
kobold.

Vanquished Creatures
  2 adders (D:2)
  A worm (D:2)
  2 dart slugs
  2 orcs (D:3)
  2 bats (D:1)
  4 endoplasms
  2 giant cockroaches (D:1)
  5 goblins
  3 hobgoblins
  6 quokkas
  A ball python (D:1)
  4 frilled lizards
  4 kobolds
  6 rats
44 creatures vanquished.

Notes
Turn   | Place    | Note
-------+----------+-------------------------------------------
     0 | D:1      | Unglued128 the Gnoll Wanderer began the quest for the Orb.
     0 | D:1      | Unglued128 set off with the following items: a +0 spear, 7
                  | boomerangs, a +0 dagger, a potion of berserk rage, a +0
                  | leather armour; and the following spell memorised: Sting;
                  | and the following spells available to memorise: Poisonous
                  | Vapours, Spider Form.
     0 | D:1      | Reached XP level 1. HP: 13/13 MP: 4/4
   114 | D:1      | Reached XP level 2. HP: 19/19 MP: 5/5
   457 | D:1      | Reached XP level 3. HP: 25/25 MP: 5/7
  1056 | D:2      | Found a faded altar of an unknown god.
  1080 | D:2      | Reached skill level 1 in Fighting
  1080 | D:2      | Reached skill level 1 in Short Blades
  1080 | D:2      | Reached skill level 1 in Long Blades
  1080 | D:2      | Reached skill level 1 in Axes
  1080 | D:2      | Reached skill level 1 in Maces & Flails
  1080 | D:2      | Reached skill level 1 in Staves
  1080 | D:2      | Reached skill level 1 in Ranged Weapons
  1080 | D:2      | Reached skill level 1 in Dodging
  1080 | D:2      | Reached skill level 1 in Stealth
  1080 | D:2      | Reached skill level 1 in Shields
  1080 | D:2      | Reached skill level 1 in Unarmed Combat
  1080 | D:2      | Reached skill level 1 in Evocations
  1224 | D:2      | Reached XP level 4. HP: 17/32 MP: 8/8
  1545 | D:3      | Noticed Azazsd's ghost (amateur SpHu)
  1570 | D:3      | Found a runed translucent gate.
  1570 | D:3      | Found a runed translucent gate.
  1570 | D:3      | Found a runed translucent gate.
  1600 | D:3      | Slain by an orc

Illustrated notes

Levels and vault maps discovered:
D:1:      ncdulo_lavacross, layout_basic, amethyst_killhole
D:2:      layout_basic, shapermc_ecumenical_altar_notcrosses,
          minmay_misc_feat_five, chequers_serial_rivers_micro_c,
          hangedman_decor_growths
D:3:      corexii_shack_village, layout_rooms,
          mainiacjoe_overflow_six_doors_small, gammafunk_ghost_split

Skill      XL: |  1  2  3  4 |
---------------+-------------+-----
Fighting       | 1 |  1.1
Short Blades   | 1 |  1.1
Long Blades    | 1 |  1.1
Axes           | 1 |  1.1
Maces & Flails | 1 |  1.1
Staves         | 1 |  1.1
Ranged Weapons | 1 |  1.1
Dodging        | 1 |  1.1
Stealth        | 1 |  1.1
Shields        | 1 |  1.1
Unarmed Combat | 1 |  1.1
Evocations     | 1 |  1.1
Spellcasting   | 3 |  3.0
Polearms       | |  2.7
Throwing       | |  4.6
Armour         | |  4.6
Conjurations   | |  0.9
Hexes          | |  0.9
Summonings     | |  0.9
Necromancy     | |  0.9
Translocations | |  0.9
Transmutations | |  0.9
Fire Magic     | |  0.9
Ice Magic      | |  0.9
Air Magic      | |  0.9
Earth Magic    | |  0.9
Poison Magic   | |  5.4
Invocations    | |  2.8

Action                     |  1- 3 |  4- 6 || total
---------------------------+-------+-------++-------
  Melee: Spear             |   150 |    30 ||   180
         Bite              |    11 |     4 ||    15
         Punch             |     1 |     1 ||     2
  Throw: Boomerang         |     5 |       ||     5
         Dart              |       |     7 ||     7
   Cast: Sting             |     6 |       ||     6
    Use: Scroll            |     3 |     5 ||     8
 Armour: Leather armour    |    46 |     8 ||    54
  Dodge: Dodged            |    81 |    21 ||   102
